 Dungeon Crawl Stone Soup version 0.31-a0-486-g8d68a81214 (webtiles) character file.

Game seed: 7173958300138736636

713 GloriousHammer the Covert (level 8, -1/41 HPs)
             Began as a Kobold Enchanter on Aug 7, 2023.
             Succumbed to a gnoll sergeant's poison
             ... on level 5 of the Dungeon.
             The game lasted 00:16:29 (4880 turns).

GloriousHammer the Covert (Kobold Enchanter)        Turns: 4880, Time: 00:16:29

Health: -1/41      AC: 12    Str:  5    XL:     8   Next: 1%
Magic:  11/11      EV: 15    Int: 16    God:
Gold:   372        SH:  6    Dex: 24    Spells: 2/11 levels left

rFire   . . .        a - +2 dagger (protect)
rCold   . . .        y - +0 buckler
rNeg    . . .        u - +0 robe
rPois   .            (no helmet)
rElec   .            G - +1 cloak
rCorr   .            d - +0 pair of gloves
SInv    +            (no boots)
Will    .....        k - amulet of regeneration
Stlth   ++++++       v - ring of see invisible
HPRegen 1.06/turn    D - +6 ring of dexterity
MPRegen 0.12/turn

%: no passive effects
@: lethally poisoned (-1 -> -8), under a protective aura
A: small, no large weapons, nightstalker 3
a: no special abilities


You were on level 5 of the Dungeon.
You visited 1 branch of the dungeon, and saw 5 of its levels.

You collected 480 gold pieces.
You spent 108 gold pieces at shops.

Inventory:

Hand Weapons
 a - a +2 dagger of protection (weapon)
 b - a +1 dagger of venom
Missiles
 l - 5 poisoned darts
 s - a throwing net
 B - 5 atropa-tipped darts
 L - 3 boomerangs
Armour
 d - a +0 pair of gloves (worn)
 t - a scarf of invisibility
 u - a +0 robe (worn)
 y - a +0 buckler (worn)
 G - a +1 cloak (worn)
Jewellery
 k - an amulet of regeneration (around neck)
 v - a ring of see invisible (left hand)
 D - a +6 ring of dexterity (right hand)
Wands
 q - a wand of mindburst (5)
 K - a wand of quicksilver (3)
Scrolls
 e - 3 scrolls of amnesia
 g - 2 scrolls of silence
 h - a scroll of poison {unknown}
 i - a scroll of identify
 j - 5 scrolls of teleportation
 w - a scroll of summoning {unknown}
 z - a scroll of fear
 A - a scroll of enchant armour {unknown}
 E - 2 scrolls of noise {unknown}
 J - a scroll of acquirement {unknown}
Potions
 c - a potion of invisibility
 f - a potion of heal wounds
 m - 2 potions of curing {unknown}
 n - a potion of resistance {unknown}
 o - 2 potions of lignification
 p - a potion of ambrosia {unknown}
 r - 3 potions of might {unknown}
 x - a potion of magic {unknown}
 C - a potion of attraction {unknown}
 F - a potion of berserk rage {unknown}
 H - 2 potions of mutation {unknown}
 I - a potion of haste {unknown}


   Skills:
 + Level 5.3 Short Blades
 - Level 2.4 Dodging
 * Level 8.7 Stealth
 + Level 2.2 Shields
 - Level 2.1 Spellcasting
 + Level 4.5 Hexes


You had 2 spell levels left.
You knew the following spells:

 Your Spells              Type           Power      Damage    Failure   Level
a - Confusing Touch       Hex            16%        N/A       17%         3
b - Tukima's Dance        Hex            16%        N/A       17%         3
c - Dazzling Flash        Conj/Hex       18%        N/A       41%         3

Your spell library contained the following spells:

 Spells                   Type           Power      Damage    Failure   Level
 Ensorcelled Hibernation  Hex/Ice        18%        N/A       22%         2
 Apportation              Tloc           2%         N/A       36%         1
 Necrotise                Necr           4%         1d4       36%         1
 Summon Small Mammal      Summ           4%         N/A       36%         1
 Passage of Golubria      Tloc           1%         N/A       98%         4
 Yara's Violent Unravell  Hex/Tmut       4%         3d4       99%         5


Dungeon Overview and Level Annotations

Branches:
Dungeon (5/15)
 Temple: D:4-7

Altars:
Hepliaklqana
Kikubaaqudgha
Qazlal
Xom

Shops:
D:1 ?

Annotations:
D:5 exclusion: gnoll


Innate Abilities, Weirdness & Mutations

You are small and have problems with some larger weapons.
You are completely attuned to the shadows.


Message History

The orc is moderately wounded.
You block the orc's attack.
You hit the orc.
You kill the orc!
L - 3 boomerangs
Things that are here:
a +0 club; a +0 ring mail; an orc corpse
Things that are here:
a +0 club; a +0 ring mail; an orc corpse The gnoll shouts!
You hear a shout! x4
The gnoll pulls the alarm!
The alarm trap emits a blaring wail!
A sentinel's mark forms upon you.
Press: ? - help, v - describe, . - travel
Here: a gnoll, wielding a +0 flail and quivering a throwing net The floor.
A gnoll sergeant comes into view. It is wielding a +2 spear of venom.
You block the gnoll's attack.
You hit the gnoll.
The gnoll is poisoned.
The gnoll is moderately wounded.
A gnoll comes into view. It is wielding a +0 flail.
The gnoll closely misses you.
You hit the gnoll.
The gnoll looks as sick as possible!
The gnoll is moderately wounded.
The gnoll misses you.
You hit the gnoll.
The gnoll looks as sick as possible!
The gnoll is severely wounded.
The gnoll sergeant hits you from afar with a +2 spear of venom!
You are poisoned.
A gnoll comes into view. It is wielding a +0 halberd.
The gnoll closely misses you.
You feel sick.
You kill the gnoll!
You have reached level 8!
You feel sick.
You feel sick.
You feel sick.
You feel sick.
You feel sick.
You feel sick.
The gnoll throws a throwing net.
You block the throwing net.
You see here a throwing net.
You feel sick.
You are no longer poisoned.
The sentinel's mark upon you fades away.
There is a stone staircase leading up here.
The gnoll sergeant misses you.
You hit the gnoll sergeant.
The gnoll sergeant is poisoned.
The gnoll sergeant is lightly wounded.
You hit the gnoll sergeant but do no damage.
The gnoll sergeant is lightly wounded.
The gnoll sergeant misses you.
You hit the gnoll sergeant but do no damage.
The gnoll sergeant looks as sick as possible!
The gnoll sergeant is lightly wounded.
The gnoll sergeant closely misses you.
You hit the gnoll sergeant but do no damage.
The gnoll sergeant is moderately wounded.
The gnoll sergeant hits you with a +2 spear of venom!
You are poisoned.
Your +1 dagger of venom stops dripping with poison.
Your +2 dagger of protection hums with potential!
a - a +2 dagger of protection (weapon)
You feel very sick.
You hit the gnoll sergeant but do no damage.
Your weapon exudes an aura of protection.
The gnoll sergeant is moderately wounded.
You feel very sick. The gnoll sergeant barely misses you.
You hit the gnoll sergeant.
The gnoll sergeant is heavily wounded.
You feel very sick. You block the gnoll sergeant's attack.
You barely miss the gnoll sergeant.
The gnoll sergeant is heavily wounded.
You feel sick. You block the gnoll sergeant's attack.
You closely miss the gnoll sergeant.
The gnoll sergeant is severely wounded.
You feel sick.
The gnoll sergeant completely misses you.
The gnoll shouts!
You hit the gnoll sergeant.
The gnoll sergeant is almost dead.
You feel sick.
You barely miss the gnoll sergeant.
The gnoll sergeant is almost dead.
You feel sick.
The gnoll sergeant hits you but does no damage.
You are more poisoned.
You hit the gnoll sergeant but do no damage.
The gnoll sergeant is almost dead.
You feel very sick.
The gnoll sergeant hits you with a +2 spear of venom.
You are more poisoned.
The gnoll sergeant attacks as you move away!
The gnoll sergeant misses you.
You feel very sick.
The gnoll sergeant hits you from afar with a +2 spear of venom!
* * * LOW HITPOINT WARNING * * *
There is a stone staircase leading up here.
You die...

### #@# #.#
#g# #g# #g#
#g# ###.###
#.....#
#####
#.....######


You could see a gnoll sergeant (very poisoned) and 2 gnolls.

Vanquished Creatures
  An ice beast (D:5)
  A scorpion (D:5)
  A jelly (D:5)
  3 hounds
  Crazy Yiuf (D:4)
  2 orc priests (D:4)
  2 sleepcaps (D:5)
  Natasha (twice) (D:4)
  3 iguanas
  A gnoll (D:5)
  9 adders
  A white imp (D:4)
  A worm (D:2)
  4 orcs
  2 bats (D:1)
  5 endoplasms
  5 giant cockroaches
  7 goblins
  4 hobgoblins
  8 jackals
  3 quokkas
  5 ball pythons
  3 frilled lizards
  5 kobolds
  3 rats
82 creatures vanquished.

Notes
Turn   | Place    | Note
-------+----------+-------------------------------------------
     0 | D:1      | GloriousHammer the Kobold Enchanter began the quest for the
                  | Orb.
     0 | D:1      | Reached XP level 1. HP: 10/10 MP: 3/3
    49 | D:1      | Found Rasiga's Magic Scroll Boutique.
   311 | D:1      | Reached XP level 2. HP: 15/15 MP: 5/5
   702 | D:1      | Bought a scroll of identify for 24 gold pieces
   807 | D:2      | Reached skill level 5 in Stealth
   807 | D:2      | Reached XP level 3. HP: 19/19 MP: 6/6
   811 | D:2      | Learned a level 3 spell: Confusing Touch
   815 | D:2      | Learned a level 3 spell: Tukima's Dance
  1173 | D:2      | Found a faded altar of an unknown god.
  1266 | D:2      | Reached XP level 4. HP: 24/24 MP: 7/7
  1922 | D:1      | Bought a scroll of fear for 48 gold pieces
  1922 | D:1      | Bought a scroll of teleportation for 36 gold pieces
  2197 | D:3      | Reached skill level 6 in Stealth
  2197 | D:3      | Reached XP level 5. HP: 28/28 MP: 8/8
  2792 | D:4      | Found an ancient bone altar of Kikubaaqudgha.
  2876 | D:4      | Found a stormy altar of Qazlal.
  2905 | D:4      | Noticed Natasha
  2912 | D:4      | HP: 1/28 [Natasha (4)]
  2914 | D:4      | Killed Natasha
  2915 | D:4      | Reached XP level 6. HP: 32/32 MP: 9/9
  2989 | D:4      | Found a runed translucent door.
  2992 | D:4      | Noticed Crazy Yiuf
  3147 | D:4      | Noticed Natasha
  3154 | D:4      | Killed Natasha
  3155 | D:4      | Reached skill level 1 in Shields
  3431 | D:4      | Killed Crazy Yiuf
  3432 | D:4      | Reached skill level 7 in Stealth
  3443 | D:4      | Identified the +11 hammer of Accidental Termination {drain,
                  | rPois Dex-5 SInv}
  3507 | D:5      | Entered Level 5 of the Dungeon
  3697 | D:5      | Reached XP level 7. HP: 36/36 MP: 10/10
  3833 | D:5      | Found a shimmering altar of Xom.
  3833 | D:5      | Found an ancient bone altar of Kikubaaqudgha.
  3833 | D:5      | Found a shimmering altar of Xom.
  3862 | D:5      | Found a stormy altar of Qazlal.
  3862 | D:5      | Found an ancient bone altar of Kikubaaqudgha.
  3867 | D:5      | Found a sparkling altar of Nemelex Xobeh.
  4101 | D:5      | Learned a level 3 spell: Dazzling Flash
  4134 | D:5      | Reached skill level 5 in Short Blades
  4134 | D:5      | Reached skill level 8 in Stealth
  4449 | D:5      | Found a hazy altar of Hepliaklqana.
  4837 | D:5      | Reached XP level 8. HP: 23/41 MP: 11/11
  4879 | D:5      | HP: 2/41 [gnoll sergeant/+2 spear of venom (10)]
  4880 | D:5      | Succumbed to a gnoll sergeant's poison

Illustrated notes

Levels and vault maps discovered:
D:1:      amcnicky_arrival_blooded_trapdoor, layout_rooms, serial_shops, shop
D:2:      layout_basic, ebering_ecumenical_altar_ruins, minmay_hexomino_p4
D:3:      layout_rooms
D:4:      layout_loops_ring, general_overflow_altar,
          mainiacjoe_overflow_concentric_impassable, serial_demonic,
          serial_demonic_e, serial_demonic_f, serial_demonic_g,
          serial_demonic_b, uniq_crazy_yiuf_cottage, uniq_natasha
D:5:      layout_basic, amcnicky_altar_gilded, doesnt_xom_only_xom

Skill      XL: |  1  2  3  4  5  6  7 |
---------------+----------------------+-----
Short Blades   | 2 3 4 5 |  5.3
Stealth        | 5 6 7 8 |  8.7
Shields        | 1 2 |  2.2
Hexes          | 4 |  4.5
Dodging        | |  2.4
Spellcasting   | |  2.1

Action                     |  1- 3 |  4- 6 |  7- 9 || total
---------------------------+-------+-------+-------++-------
  Melee: Dagger            |    74 |   119 |   113 ||   306
   Cast: Confusing Touch   |       |       |     1 ||     1
    Use: Scroll            |     1 |     5 |     1 ||     7
         Potion            |     1 |     1 |     1 ||     3
   Stab: Sleeping          |    15 |    18 |     3 ||    36
         Invisible         |     1 |       |       ||     1
         Confused          |       |       |     1 ||     1
 Armour: Robe              |     8 |    19 |    23 ||    50
  Dodge: Dodged            |    59 |    58 |    58 ||   175
  Block: Buckler           |       |    21 |    27 ||    48

Table legend: (Time is in decaauts)
 A = Elapsed time spent in this place.
 B = Non-inter-level travel time spent in this place.
 C = Inter-level travel time spent in this place.
 D = Time resting spent in this place.
 E = Time spent auto-exploring this place.
 F = Levels seen in this place.
 G = Mean time per level.
                   A        B        C        D        E       F      G
               +--------+--------+--------+--------+--------+-----+--------+
         Total |   4837 |   4450 |    387 |    680 |   2881 |   5 |  967.4 |
       Dungeon |   4837 |   4450 |    387 |    680 |   2881 |   5 |  967.4 |
               +--------+--------+--------+--------+--------+-----+--------+

Top non-repeatable levels by time:
     D:5: 1320 daAuts
     D:2: 1181 daAuts
     D:4: 996 daAuts
     D:1: 788 daAuts
     D:3: 550 daAuts
